Map: Abyssal Reef LE

Players

Dharwin - Winner!

  • Race: Terran Terran
  • League: Platinum
  • Spawn Location: 5:00

Juxtapose

  • Race: Zerg Zerg
  • League: Gold
  • Spawn Location: 11:00

VOD

https://youtu.be/k5gYubwBqxM

Description

To date, this is the longest Multiplayer match of StarCraft II: Legacy of the Void that I can recall playing, and without question it was the most frustrating for me.

I honestly could not figure out how to crack this guy. Mass Ravagers? Perhaps mixing in Vipers? If anyone has any thoughts, feel free to leave some tips in the VOD comments, because I was ultimately completely stumped.

Time

  • Played on: Oct. 28, 2017, 7:43 p.m.
  • Length: 38:37
Show
View Real Time Build Order
Export as new Build Order

Dharwin Terran - Winner!

Build Orders:  

Get SALT Encoding   

  12  0:01  SCV  
  13  0:13  SCV  
  14  0:23  Supply Depot  
  14  0:26  SCV  
  15  0:43  Engineering Bay  
  15  0:45  SCV  
  16  0:57  SCV  
  17  1:09  SCV  
  18  1:21  SCV  
  19  1:33  SCV  
  20  1:45  SCV  
  21  1:47  Barracks  
  21  1:48  Barracks  
  21  1:56  Command Center  
  21  1:57  SCV  
  22  2:06  Supply Depot  
  22  2:09  SCV  
  23  2:28  SCV  
  24  2:30  Barracks  
  24  2:39  Marine x2  
  24  2:42  Supply Depot  
  26  2:47  Supply Depot  
  26  2:55  Bunker  
  26  2:57  Marine x2  
  28  3:00  SCV  
  29  3:09  Refinery  
  29  3:12  SCV  
  30  3:13  Refinery  
  30  3:21  SCV  
  30  3:22  Marine  
  30  3:24  SCV  
  33  3:29  Engineering Bay  
  33  3:33  SCV  
  34  3:36  SCV  
  34  3:39  Marine x2  
  34  3:40  Marine  
  38  3:45  SCV  
  39  3:51  SCV  
  40  3:57  Marine x2  
  40  3:58  Supply Depot, Marine  
  43  4:06  Supply Depot  
  43  4:14  Bunker  
  43  4:15  Marine x2  
  43  4:34  Marine x2  
  39  4:49  SCV x2  
  39  4:52  Marine x2  
  43  5:01  SCV x2  
  45  5:09  Marine  
  45  5:10  Marine  
  45  5:13  SCV  
  45  5:14  SCV  
  49  5:25  SCV  
  49  5:27  Marine x2, Hi-Sec Auto Tracking  
  53  5:29  Planetary Fortress  
  53  5:34  Refinery  
  53  5:35  Refinery, Marine  
  52  5:38  SCV  
  54  5:45  Marine x2  
  56  5:50  SCV  
  56  5:51  Command Center  
  56  5:53  Marine  
  58  6:02  SCV  
  58  6:03  Marine x2  
  61  6:04  Refinery  
  60  6:11  Marine  
  60  6:17  SCV  
  60  6:18  SCV  
  54  6:21  Marine x2  
  56  6:29  Marine  
  56  6:30  SCV x2  
  56  6:38  Missile Turret, Marine  
  56  6:39  Marine  
  58  6:42  SCV x2  
  60  6:52  Factory  
  60  6:54  Command Center, SCV x2  
  61  6:56  Marine x2  
  61  6:59  Marine  
  65  7:06  SCV x2  
  67  7:11  Bunker  
  66  7:17  Marine  
  64  7:27  SCV x2  
  66  7:34  Marine  
  64  7:39  SCV  
  56  7:46  Factory Tech Lab  
  56  7:50  Orbital Command  
  55  7:51  SCV  
  55  7:56  Starport x2  
  55  7:57  Starport  
  56  8:03  Supply Depot, SCV  
  56  8:04  Supply Depot  
  56  8:05  Supply Depot  
  57  8:07  Building Armor, Supply Depot x2  
  57  8:11  Siege Tank  
  60  8:15  SCV  
  61  8:36  Starport Tech Lab  
  61  8:37  Starport Tech Lab x2  
  61  8:44  Siege Tank  
  64  9:16  Siege Tank  
  65  9:19  Planetary Fortress  
  44  9:36  Command Center, Planetary Fortress  
  38  9:58  Starport  
  38  9:59  Orbital Command  
  38  10:12  SCV x2  
  40  10:24  SCV x2  
  40  10:26  Refinery, SCV  
  40  10:27  Starport Tech Lab  
  43  10:28  Refinery  
  40  10:36  SCV x2  
  40  10:38  SCV  
  43  10:48  SCV x2  
  45  10:50  Starport Tech Lab, SCV, Planetary Fortress  
  45  10:53  Banshee  
  49  11:00  SCV x3  
  49  11:02  SCV  
  52  11:12  SCV x2  
  52  11:13  SCV  
  52  11:15  SCV  
  56  11:25  Command Center  
  56  11:27  SCV x2  
  56  11:31  SCV  
  56  11:32  SCV x2  
  61  11:36  Banshee  
  61  11:39  SCV x2  
  66  11:43  Raven, SCV  
  66  11:44  SCV x2  
  71  11:51  SCV x2  
  73  12:11  SCV x3  
  73  12:12  SCV x2  
  73  12:15  Command Center  
  78  12:17  Command Center x2  
  80  12:23  SCV x2  
  80  12:24  SCV x3  
  87  12:30  Missile Turret  
  87  12:32  Orbital Command, Missile Turret  
  87  12:35  SCV  
  80  13:06  SCV  
  80  13:08  SCV  
  80  13:09  SCV x4  
  86  13:18  SCV  
  87  13:21  SCV x3  
  90  13:27  Missile Turret  
  90  13:29  Planetary Fortress x2  
  90  13:30  Missile Turret, Planetary Fortress  
  90  13:31  SCV  
  90  13:34  Missile Turret, SCV  
  91  13:35  Missile Turret, SCV x4  
  91  13:36  Missile Turret  
  91  13:37  Missile Turret  
  91  13:38  Missile Turret  
  96  13:43  SCV  
  96  13:47  SCV x5  
  102  13:52  Refinery  
  102  13:55  SCV  
  99  13:59  Factory, SCV x4  
  103  14:06  Missile Turret x2  
  103  14:07  Missile Turret  
  103  14:09  Missile Turret  
  103  14:14  Missile Turret  
  103  14:15  Missile Turret x2  
  103  14:16  Missile Turret  
  97  14:33  Refinery  
  97  14:37  Orbital Command  
  97  14:45  Factory Tech Lab  
  97  14:49  Starport  
  97  14:59  Starport  
  97  15:16  SCV x4  
  97  15:17  SCV x5  
  106  15:28  SCV x4  
  108  15:29  SCV x5  
  108  15:32  Command Center  
  115  15:40  Starport Tech Lab, SCV  
  115  15:41  Starport Tech Lab  
  116  15:44  Starport  
  116  15:46  Starport  
  116  15:53  Widow Mine  
  118  16:00  SCV x2  
  120  16:06  Barracks Reactor  
  120  16:12  SCV  
  121  16:21  Missile Turret, Widow Mine  
  121  16:24  Missile Turret  
  121  16:25  Missile Turret  
  123  16:27  Command Center  
  123  16:28  Missile Turret, Starport Tech Lab  
  123  16:29  Command Center  
  123  16:30  Corvid Reactor, Recalibrated Explosives  
  123  16:32  Starport Tech Lab  
  123  16:33  Raven  
  123  16:34  Raven  
  127  16:43  Refinery  
  127  16:48  Command Center  
  127  16:50  Widow Mine  
  127  16:51  Refinery  
  129  16:56  Raven  
  129  16:57  Raven  
  133  17:11  Planetary Fortress  
  133  17:14  SCV  
  133  17:15  SCV x5  
  138  17:16  Raven x2, SCV x3  
  138  17:18  Widow Mine  
  148  17:39  Raven x2  
  150  17:47  Widow Mine  
  150  17:49  Command Center  
  150  17:50  Missile Turret  
  150  17:51  Missile Turret x2  
  149  17:56  Command Center  
  149  17:59  Raven x2  
  141  18:22  Raven x2  
  144  18:29  SCV x4  
  144  18:30  SCV x5  
  153  18:41  SCV x3  
  154  18:42  Raven x2  
  155  19:05  Raven x2  
  155  19:07  Refinery  
  159  19:15  Sensor Tower  
  154  19:25  Raven x2  
  158  19:35  Planetary Fortress x2  
  158  19:39  SCV x8  
  158  19:40  SCV  
  167  19:48  Raven x2  
  167  19:51  SCV x6  
  167  19:52  SCV x3  
  180  19:55  Planetary Fortress  
  180  20:03  SCV x2  
  180  20:04  SCV x7  
  189  20:07  Raven  
  189  20:08  Raven  
  193  20:15  SCV  
  193  20:16  SCV x6  
  187  20:25  Command Center  
  187  20:26  Command Center  
  187  20:27  SCV  
  187  20:28  SCV x6  
  194  20:31  Raven x2  
  198  20:50  Raven  
  198  21:52  Planetary Fortress x2  
  196  21:59  Command Center  
  196  22:02  Command Center  
  196  22:05  Missile Turret x2  
  196  22:24  Missile Turret  
  196  22:29  Missile Turret  
  196  22:47  Missile Turret  
  196  22:49  Missile Turret  
  192  23:08  Refinery  
  192  23:09  Refinery  
  192  23:12  Missile Turret  
  188  23:13  Missile Turret  
  188  23:14  Missile Turret  
  188  23:15  Missile Turret  
  188  23:16  Missile Turret x2  
  188  23:17  Missile Turret x3  
  188  23:18  Missile Turret  
  187  23:35  Missile Turret  
  187  23:48  Planetary Fortress x2  
  187  23:55  Command Center  
  187  23:56  Command Center  
  175  24:22  Raven x3  
  175  24:23  Raven  
  179  24:27  SCV x2  
  181  24:39  SCV x2  
  183  24:51  SCV x2  
  185  25:00  Planetary Fortress x2  
  185  25:03  SCV x2  
  185  25:05  Raven x4  
  195  25:07  Missile Turret  
  195  25:08  Refinery x2  
  195  25:10  Missile Turret  
  195  25:11  Missile Turret x2  
  195  25:12  Missile Turret x2  
  195  25:14  Missile Turret x3  
  195  25:15  Missile Turret x3  
  195  25:17  Missile Turret  
  195  25:35  Armory x2  
  195  25:36  Fusion Core  
  195  25:40  Starport, Planetary Fortress  
  195  25:41  Planetary Fortress  
  195  25:48  Raven x2  
  198  26:17  Starport  
  196  26:26  Starport  
  196  26:29  Starport  
  196  26:30  Raven  
  196  26:31  Raven, Command Center  
  200  26:37  Command Center  
  200  26:38  Command Center  
  200  26:40  Command Center x2  
  200  26:42  Command Center  
  200  26:44  Command Center  
  200  26:48  Command Center  
  191  27:13  Raven  
  191  27:14  Raven  
  188  27:56  Raven  
  188  27:57  Raven  
  192  27:59  Planetary Fortress  
  192  28:00  Planetary Fortress  
  192  28:01  Planetary Fortress  
  192  28:03  Planetary Fortress  
  192  28:05  Orbital Command x4  
  192  28:15  Refinery  
  192  28:18  Refinery  
  192  28:20  Starport Tech Lab x4  
  192  28:23  Terran Vehicle And Ship Armor Level 1, Terran Ship Weapons Level 1  
  192  28:24  Weapon Refit  
  192  28:48  Raven  
  192  28:49  Raven x3  
  186  29:44  Raven x3  
  186  29:45  Raven  
  194  30:17  Terran Vehicle Weapons Level 1  
  194  30:27  Raven x2  
  194  30:28  Raven  
  200  30:35  Terran Vehicle And Ship Armor Level 2  
  200  30:55  Command Center  
  200  30:57  Command Center  
  200  31:00  Command Center  
  200  31:01  Missile Turret, Command Center  
  200  31:03  Missile Turret  
  200  31:04  Missile Turret  
  200  31:05  Missile Turret  
  200  31:06  Missile Turret  
  200  31:07  Missile Turret x2  
  200  31:10  Missile Turret  
  188  31:30  Battlecruiser x3  
  198  32:11  Terran Ship Weapons Level 2  
  198  32:14  Orbital Command x2  
  198  32:19  Planetary Fortress  
  198  32:21  Planetary Fortress  
  197  33:02  Terran Vehicle And Ship Armor Level 3  
  194  34:16  Battlecruiser  
  200  34:26  Terran Vehicle Weapons Level 2  
  199  34:55  Command Center  
  199  34:57  Command Center x2  
  199  34:58  Command Center x2  
  199  34:59  Command Center  
  190  36:08  Battlecruiser  
  196  36:12  Orbital Command x4  
Show
View Real Time Build Order
Export as new Build Order

Juxtapose Zerg 

Build Orders: Hatch First 

Get SALT Encoding   

  12  0:01  Drone  
  13  0:15  Drone  
  14  0:23  Overlord  
  14  0:56  Drone x3  
  17  0:58  Hatchery  
  16  1:10  Drone  
  17  1:26  Drone  
  17  1:31  Spawning Pool, Extractor  
  17  1:32  Drone  
  17  1:45  Drone  
  18  1:52  Overlord  
  18  2:10  Drone  
  19  2:17  Queen  
  19  2:18  Zergling x4  
  23  2:27  Drone  
  24  2:32  Zergling x2  
  24  2:35  Queen  
  27  2:37  Drone  
  28  2:52  Drone  
  29  3:03  Drone x2  
  29  3:04  Drone  
  29  3:05  Extractor  
  31  3:08  Lair  
  31  3:10  Roach Warren, Drone  
  31  3:11  Drone  
  32  3:15  Queen  
  34  3:25  Metabolic Boost  
  34  3:27  Drone  
  34  3:28  Drone  
  36  3:35  Overlord  
  36  4:01  Hatchery  
  35  4:06  Drone x3  
  35  4:07  Drone x3  
  41  4:19  Queen  
  41  4:23  Zergling x2  
  44  4:25  Overlord  
  44  4:30  Zergling x2  
  44  4:31  Zergling x6  
  42  4:43  Drone x2  
  42  4:44  Drone, Queen  
  45  5:07  Spine Crawler  
  45  5:09  Zergling x6  
  47  5:15  Drone  
  47  5:17  Queen  
  50  5:21  Roach x2  
  50  5:22  Roach x2  
  58  5:34  Overlord x2  
  58  5:36  Overlord x2  
  58  5:51  Queen  
  58  5:53  Extractor  
  58  5:55  Drone x2  
  58  5:56  Extractor  
  60  6:02  Glial Reconstitution  
  60  6:05  Roach x3  
  64  6:16  Roach x6  
  64  6:17  Roach  
  76  6:33  Ravager x2  
  76  6:34  Ravager  
  76  6:36  Roach x4  
  76  6:37  Roach  
  89  6:41  Drone  
  89  6:43  Overlord x2  
  85  7:25  Zergling x4  
  85  7:26  Zergling x14  
  85  7:27  Roach x2, Zergling x8  
  85  7:28  Roach  
  102  7:47  Roach x2  
  102  7:48  Overlord x4  
  106  8:09  Evolution Chamber  
  105  8:13  Drone x3  
  108  8:25  Drone x3, Hydralisk Den  
  89  9:26  Hydralisk x6  
  89  9:27  Hydralisk x7  
  115  10:08  Hydralisk x7  
  117  10:46  Spire  
  117  10:48  Hydralisk x7  
  118  11:25  Extractor  
  117  11:26  Drone x6  
  117  11:27  Extractor  
  122  11:36  Infestation Pit, Muscular Augments  
  121  11:40  Zerg Ground Armor Level 1, Hydralisk x4  
  121  11:41  Hydralisk x3  
  121  11:42  Zergling x6  
  121  11:45  Overlord x3  
  138  12:07  Hatchery, Mutalisk x5  
  138  12:08  Mutalisk x2  
  130  12:52  Mutalisk x6  
  142  13:01  Hive  
  142  13:13  Overseer x3  
  142  13:29  Zergling x12  
  142  13:30  Zergling x10  
  142  13:31  Drone x3  
  154  14:13  Mutalisk x3  
  154  14:15  Overlord x3  
  154  14:16  Overlord x4  
  160  14:27  Greater Spire  
  160  14:32  Overlord x4  
  160  14:47  Corruptor x3  
  160  14:48  Corruptor x5  
  176  14:55  Overseer x3  
  176  15:17  Hatchery  
  175  15:23  Drone x3  
  175  15:26  Drone x3  
  181  15:41  Brood Lord  
  181  15:42  Brood Lord x4  
  191  15:46  Brood Lord  
  191  15:49  Brood Lord  
  195  16:00  Extractor  
  195  16:02  Brood Lord  
  196  16:26  Mutalisk x2  
  194  18:24  Corruptor x3  
  200  18:54  Mutalisk x2  
  200  18:55  Mutalisk x5  
  198  19:05  Brood Lord  
  192  19:34  Corruptor x3  
  192  19:35  Corruptor  
  169  20:27  Swarm Host x4  
  169  20:28  Swarm Host x7  
  167  20:29  Swarm Host x4  
  197  20:45  Extractor  
  196  20:53  Extractor  
  196  20:55  Extractor  
  175  21:54  Overlord x5  
  175  21:55  Overlord x7  
  175  21:56  Overlord x3  
  175  22:21  Corruptor x4  
  175  22:22  Corruptor x5  
  150  23:14  Hydralisk x5  
  150  23:15  Hydralisk x4  
  168  23:23  Drone x2  
  168  24:07  Drone x3  
  168  24:09  Hydralisk x7  
  166  24:10  Hydralisk x2  
  168  24:30  Drone x2  
  170  24:57  Drone  
  170  24:58  Drone x2  
  173  25:05  Queen  
  173  25:06  Queen  
  177  25:08  Queen  
  179  25:17  Extractor  
  178  25:56  Drone x3  
  157  27:39  Overlord x2  
  157  27:40  Overlord x8  
  157  27:42  Overlord x3  
  147  27:52  Burrow  
  147  27:54  Infestor  
  149  28:13  Hatchery  
  147  28:33  Infestor x3  
  153  28:37  Infestor  
  153  28:41  Hydralisk x5  
  155  28:42  Hydralisk x4  
  173  28:50  Hatchery  
  167  29:03  Pneumatized Carapace  
  123  29:21  Hydralisk x7  
  123  29:22  Hydralisk x2  
  123  29:23  Zergling x10  
  123  29:24  Zergling x4  
  148  29:29  Drone  
  149  29:41  Hydralisk x5  
  155  29:55  Hatchery  
  154  30:08  Hatchery  
  153  30:19  Zerg Missile Weapons Level 1  
  153  30:30  Drone x2  
  153  30:31  Drone  
  153  30:45  Hatchery  
  153  30:46  Corruptor x3  
  158  30:56  Queen  
  160  31:07  Drone x3  
  163  31:15  Drone x3  
  166  31:32  Queen  
  167  31:41  Brood Lord x3  
  171  32:05  Brood Lord  
  173  32:13  Zerg Ground Armor Level 2  
  173  32:33  Zerg Flyer Weapons Level 1  
  162  33:31  Corruptor x5  
  169  33:41  Corruptor  
  166  34:20  Corruptor x3  
  172  34:27  Zerg Flyer Armor Level 1  
  172  34:32  Drone x3  
  172  34:35  Drone x2  
  172  34:36  Drone  
  178  34:38  Drone x3  
  181  35:01  Neural Parasite  
  173  35:42  Corruptor x3  
  175  36:06  Drone x2  
  175  36:07  Drone  
  178  36:17  Corruptor x2  
  182  36:20  Pathogen Glands  
  182  37:11  Extractor  
  182  37:14  Extractor  
  177  37:24  Corruptor x4  
  177  37:34  Drone  
  177  37:35  Drone x2  
  180  37:39  Drone x3  
  183  38:02  Corruptor  
  183  38:03  Corruptor  
Tags
 
Add a new tag
Caveats
  • Supply blocks, unpowered buildings, or Contaminate may cause inaccurate times.
  • Supply counts are checked every 10 seconds.